 Dungeon Crawl Stone Soup version 0.19.0-2-gae57169 (webtiles) character file.

44 Wardy123 the Conjurer (level 3, 0/14 HPs)
             Began as a Felid Conjurer on Nov 3, 2016.
             Slain by a worm (9 damage)
             ... on level 2 of the Dungeon on Nov 4, 2016.
             The game lasted 00:06:45 (1597 turns).

Wardy123 the Conjurer (Felid Conjurer)              Turns: 1597, Time: 00:06:46

Health: 0/14       AC:  1    Str:  4    XL:     3   Next: 41%
Magic:  3/7        EV: 18    Int: 17    God:
Gold:   58         SH:  0    Dex: 16    Spells: 2 memorised, 3 levels left
                                        Lives:  0   Deaths: 0

rFire  . . .     SeeInvis +     (weapon unavailable)
rCold  . . .     Gourm    .     (armour unavailable)
rNeg   . . .     Faith    .     (shield unavailable)
rPois  +         Spirit   .     (helmet unavailable)
rElec  .         Reflect  .     (cloak unavailable)
rCorr  .         Harm     .     (gloves unavailable)
MR     .....                    (boots unavailable)
Stlth  +++.......               (no amulet)
                                (no ring)
                                l - ring of poison resistance

@: quick
A: no armour, no weapons or thrown items, stealth, claws 1, fangs 3, see
invisible, carnivore 3, speed 1, shaggy fur 1, slow metabolism 1, sharp paws
a: no special abilities


You were on level 2 of the Dungeon.
You were very full.

You visited 1 branch of the dungeon, and saw 2 of its levels.

You collected 58 gold pieces.

Inventory:

Jewellery
 l - a ring of poison resistance (left paw)
Scrolls
 c - a scroll of noise {unknown}
 e - 2 scrolls of amnesia {unknown}
 f - a scroll of fog {unknown}
 i - a scroll of identify {unknown}
 m - a scroll of remove curse {unknown}
Potions
 d - a potion of magic {unknown}
 g - a potion of curing {unknown}
 j - a potion of berserk rage {unknown}
 k - 2 potions of degeneration {unknown}
 n - a potion of invisibility {unknown}
 o - a potion of haste {unknown}
Books
 a - a book of Conjurations

   Spells                             Type                      Level
   a - Magic Dart                     Conjuration                  1
   b - Searing Ray                    Conjuration                  2
   c - Dazzling Spray                 Conjuration/Hexes            3
   d - Fulminant Prism                Conjuration/Hexes            4
   e - Iskenderun's Mystic Blast      Conjuration                  4
   f - Iskenderun's Battlesphere      Conjuration/Charms           5
Comestibles
 b - 2 meat rations
 h - a royal jelly


   Skills:
 + Level 3.3 Dodging
 - Level 2.6 Stealth
 + Level 0.4 Unarmed Combat
 * Level 2.3 Spellcasting
 + Level 4.2 Conjurations


You had 3 spell levels left.
You knew the following spells:

 Your Spells              Type           Power        Failure   Level  Hunger
a - Magic Dart            Conj           ###.         3%          1    #......
b - Searing Ray           Conj           ###...       6%          2    ###....


Dungeon Overview and Level Annotations

Branches:
Dungeon (2/15)

Altars:


Innate Abilities, Weirdness & Mutations

You cannot wear armour.
You are incapable of wielding weapons or throwing items.
Your paws allow you to move quietly. (Stealth)
You have sharp claws.
You have razor-sharp teeth.
You have supernaturally acute eyesight. (SInv)
You are carnivorous and can eat meat at any time.
You cover ground quickly.
You are covered in fur. (AC +1)
You have a slow metabolism.
Your sharp claws are effective at attacking unaware monsters.


Message History

The worm is heavily wounded.
The worm misses you.
You barely miss the worm.
The worm is heavily wounded.
The worm completely misses you.
You barely miss the worm.
The worm is moderately wounded.
You scratch the worm.
The worm is heavily wounded.
The worm misses you.
You barely miss the worm.
The worm is heavily wounded.
You scratch the worm but do no damage. You bite the worm, but do no damage.
The worm is heavily wounded.
The worm barely misses you.
You barely miss the worm.
The worm is heavily wounded.
The worm bites you!
Ouch! That really hurt!
You die...

#+ #.# #####..##
(.....†.########
.<...⌠...w@....##
........#####...####..
#####!.## #........#.#
#.# #.#...##.#.# ##
####.##.###.#.#
..........#.#.#
####.##.#>#.#.#
#.##..#..#.#
##....##....#


You could see a worm.

Vanquished Creatures
  5 dart slugs (D:1)
  A leopard gecko (D:1)
  3 giant cockroaches
  2 goblins (D:1)
  2 hobgoblins (D:1)
  6 jackals
  A ball python (D:1)
  A bat (D:1)
  2 frilled lizards (D:1)
  5 kobolds
  3 rats
31 creatures vanquished.

Notes
Turn   | Place    | Note
-------+----------+-------------------------------------------
     0 | D:1      | Wardy123 the Felid Conjurer began the quest for the Orb.
     0 | D:1      | Reached XP level 1. HP: 7/7 MP: 4/4
   347 | D:1      | Reached XP level 2. HP: 6/11 MP: 0/6
   351 | D:1      | Learned a level 2 spell: Searing Ray
   735 | D:1      | Reached skill level 4 in Conjurations
  1083 | D:1      | Reached XP level 3. HP: 14/14 MP: 0/7
  1597 | D:2      | Slain by a worm

Skill      XL: |  1  2 |
---------------+-------+-----
Dodging        | 3 |  3.3
Conjurations   | 4 |  4.2
Stealth        | |  2.6
Unarmed Combat | |  0.4
Spellcasting   | |  2.3

Action                   || total
-------------------------++-------
Melee: Unarmed           ||    51
       Bite              ||     3
 Cast: Magic Dart        ||    33
       Searing Ray       ||    11
 Stab: Sleeping          ||     1
  Eat: Chunk             ||     9
Armor: Skin              ||     4
Dodge: Dodged            ||    60
